APP
PULASKI YANKEES @ BURLINGTON ROYALS
08/20/2047
 
TOP OF THE 1ST
Pulaski Yankees batting - Pitching for Burlington Royals : RHP Brian Hunt
Pitching: RHP Brian Hunt
Batting: RHB Jonathan Iniguez 0-0: Foul Ball, location: 2F
0-1: Swinging Strike
0-2: Ground out 4-3 (Groundball, 34, EV 110.0 MPH)
Batting: LHB Ernesto Abreu 0-0: Ball
1-0: Ball
2-0: Swinging Strike
2-1: Ball
3-1: Base on Balls
Batting: LHB Jared Zulkowski 0-0: Ball
1-0: Ball
2-0: Ball
3-0: Base on Balls
Ernesto Abreu to second
Batting: LHB Steve LeGrand 0-0: Called Strike
0-1: Fielders Choice at 2nd, 4-6 (Groundball, 34, EV 88.1 MPH)
Ernesto Abreu to third
Batting: RHB Yasuoka Tsuda 0-0: Swinging Strike
0-1: Ball
1-1: Foul Ball, location: 2F
1-2: Strikes out swinging
Top of the 1st over - 0 runs, 0 hits, 0 errors, 2 left on base; Pulaski 0 - Burlington 0
BOTTOM OF THE 1ST
Burlington Royals batting - Pitching for Pulaski Yankees : LHP Sergio Huerta
Pitching: LHP Sergio Huerta
Batting: RHB Jon Shonka 0-0: Ball
1-0: Foul Ball, location: 2F
1-1: Ball
2-1: Ball
3-1: Base on Balls
Batting: LHB Pablo Serrato 0-0: Ball
1-0: Ball
Pickoff Throw to First - Out! 1-3
2-0: Ball
3-0: Called Strike
3-1: Fly out, F9 (Flyball, 9, EV 86.2 MPH)
Batting: RHB Mike Bearden 0-0: Ball
1-0: Fly out, F9 (Flyball, 9, EV 83.1 MPH)
Bottom of the 1st over - 0 runs, 0 hits, 0 errors, 0 left on base; Pulaski 0 - Burlington 0
TOP OF THE 2ND
Pulaski Yankees batting - Pitching for Burlington Royals : RHP Brian Hunt
Batting: LHB Justin Short 0-0: DOUBLE (Flyball, 78D, EV 106.9 MPH)
Batting: RHB Jesus Ruiz 0-0: SINGLE (Line Drive, 34D, EV 94.4 MPH)
Justin Short to third
Batting: LHB Carlos Palau 0-0: Ball
1-0: Ball
2-0: Called Strike
2-1: Ball
3-1: Swinging Strike
3-2: SINGLE (Groundball, 23, EV 68.8 MPH) (infield hit)
Jesus Ruiz to second
Batting: RHB Mustafa bin Gamali 0-0: Foul Ball, location: 2F
0-1: Ball
1-1: Foul Ball, location: 2F
1-2: Strikes out swinging
Batting: RHB Jonathan Iniguez 0-0: Called Strike
0-1: Called Strike
0-2: Ball
1-2: Ball
2-2: Fly out, F8 (Flyball, 8LS, EV 87.5 MPH)
Batting: LHB Ernesto Abreu 0-0: Ball
1-0: Ball
2-0: Ball
3-0: Called Strike
3-1: Called Strike
3-2: Foul Ball, location: 2F
3-2: Foul Ball, location: 2F
3-2: Foul Ball, location: 2F
3-2: GRAND SLAM HOME RUN (Flyball, 89XD, EV 103.1 MPH), Distance : 405 ft
Batting: LHB Jared Zulkowski 0-0: Called Strike
0-1: Ball
1-1: Called Strike
1-2: Ball
2-2: Ball
3-2: Foul Ball, location: 2F
3-2: DOUBLE (Groundball, 3L, EV 96.9 MPH)
Batting: LHB Steve LeGrand 0-0: Ball
1-0: Called Strike
1-1: DOUBLE (Flyball, 8LD, EV 90.6 MPH)
Jared Zulkowski scores
Batting: RHB Yasuoka Tsuda 0-0: Foul Ball, location: 2F
0-1: Ball
1-1: Foul Ball, location: 2F
1-2: Strikes out swinging
Top of the 2nd over - 5 runs, 6 hits, 0 errors, 1 left on base; Pulaski 5 - Burlington 0
BOTTOM OF THE 2ND
Burlington Royals batting - Pitching for Pulaski Yankees : LHP Sergio Huerta
Batting: RHB Carlos Almada 0-0: Ball
1-0: Foul Ball, location: 2F
1-1: Ball
2-1: Ball
3-1: Swinging Strike
3-2: Foul Ball, location: 2F
3-2: Foul Ball, location: 2F
3-2: Base on Balls
Batting: LHB Vicente Hernandez 0-0: Fielders Choice at 2nd, 6-4 (Groundball, 6M, EV 105.6 MPH)
Batting: LHB David Bearden 0-0: Grounds into double play, 4-6-3 (Groundball, 4, EV 78.8 MPH)
Bottom of the 2nd over - 0 runs, 0 hits, 0 errors, 0 left on base; Pulaski 5 - Burlington 0
TOP OF THE 3RD
Pulaski Yankees batting - Pitching for Burlington Royals : RHP Brian Hunt
Pitching: LHP Ken Milhouse
Batting: LHB Justin Short 0-0: Called Strike
0-1: Foul Ball, location: 2F
0-2: Strikes out swinging
Batting: RHB Jesus Ruiz 0-0: Called Strike
0-1: DOUBLE (Groundball, 5L, EV 103.8 MPH)
Batting: LHB Carlos Palau 0-0: Swinging Strike
0-1: Ball
1-1: Swinging Strike
1-2: Strikes out swinging
Batting: RHB Mustafa bin Gamali 0-0: Swinging Strike
0-1: Foul Ball, location: 2F
0-2: Foul Ball, location: 2F
0-2: Foul Ball, location: 2F
0-2: Strikes out swinging
Top of the 3rd over - 0 runs, 1 hit, 0 errors, 1 left on base; Pulaski 5 - Burlington 0
BOTTOM OF THE 3RD
Burlington Royals batting - Pitching for Pulaski Yankees : LHP Sergio Huerta
Batting: RHB Jonas Fernandez 0-0: Called Strike
0-1: Swinging Strike
0-2: Ground out 6-3 (Groundball, 56D, EV 101.2 MPH)
Batting: RHB Ian Hornsby 0-0: Ball
1-0: Fly out, F8 (Line Drive, 8LD, EV 90.6 MPH)
Batting: RHB Carlos Santoni 0-0: Called Strike
0-1: Ball
1-1: Swinging Strike
1-2: Strikes out swinging
Bottom of the 3rd over - 0 runs, 0 hits, 0 errors, 0 left on base; Pulaski 5 - Burlington 0
TOP OF THE 4TH
Pulaski Yankees batting - Pitching for Burlington Royals : LHP Ken Milhouse
Batting: RHB Jonathan Iniguez 0-0: Foul Ball, location: 2F
0-1: Ball
1-1: Called Strike
1-2: Strikes out looking
Batting: LHB Ernesto Abreu 0-0: Called Strike
0-1: SINGLE (Flyball, 56D, EV 88.1 MPH)
Batting: LHB Jared Zulkowski 0-0: Called Strike
0-1: Foul Ball, location: 2F
0-2: Strikes out swinging
Batting: LHB Steve LeGrand 0-0: Called Strike
0-1: Ball
Ernesto Abreu steals 2nd base
1-1: Ball
2-1: Ground out U3 (Groundball, 23, EV 85.6 MPH)
Top of the 4th over - 0 runs, 1 hit, 0 errors, 1 left on base; Pulaski 5 - Burlington 0
BOTTOM OF THE 4TH
Burlington Royals batting - Pitching for Pulaski Yankees : LHP Sergio Huerta
Batting: RHB Jon Shonka 0-0: Ball
1-0: Ball
2-0: Ball
3-0: Called Strike
3-1: Base on Balls
Batting: LHB Pablo Serrato 0-0: Called Strike
0-1: Ball
1-1: SINGLE (Line Drive, 78S, EV 90.6 MPH)
Jon Shonka to second
Batting: RHB Mike Bearden 0-0: Ball
1-0: SINGLE (Line Drive, 9S, EV 107.5 MPH)
Jon Shonka to third
Pablo Serrato to second
Batting: RHB Carlos Almada 0-0: Called Strike
0-1: Ball
1-1: Swinging Strike
1-2: Ball
2-2: Foul Ball, location: 2F
2-2: Foul Ball, location: 2F
2-2: Ball
3-2: Base on Balls
Jon Shonka scores
Pablo Serrato to third
Mike Bearden to second
Batting: LHB Vicente Hernandez 0-0: Ball
1-0: Ball
2-0: Called Strike
2-1: Ball
3-1: SINGLE (Line Drive, 56, EV 99.4 MPH)
Pablo Serrato scores
Mike Bearden to third
Carlos Almada to second
Batting: LHB David Bearden 0-0: Foul Ball, location: 2F
0-1: Ball
1-1: Ball
Wild Pitch!
Mike Bearden scores
Carlos Almada to third
Vicente Hernandez to second
2-1: Ball
3-1: Base on Balls
Batting: RHB Jonas Fernandez 0-0: Foul Ball, location: 2F
0-1: Ball
1-1: Called Strike
1-2: Ball
2-2: Strikes out looking
Batting: RHB Ian Hornsby 0-0: Called Strike
0-1: Foul Ball, location: 2F
0-2: Foul Ball, location: 2F
0-2: Strikes out looking
Batting: RHB Carlos Santoni 0-0: Called Strike
0-1: Foul Ball, location: 2F
0-2: Strikes out swinging
Bottom of the 4th over - 3 runs, 3 hits, 0 errors, 3 left on base; Pulaski 5 - Burlington 3
TOP OF THE 5TH
Pulaski Yankees batting - Pitching for Burlington Royals : LHP Ken Milhouse
Batting: RHB Yasuoka Tsuda 0-0: Ball
1-0: Called Strike
1-1: Ball
2-1: Ball
3-1: Foul Ball, location: 2F
3-2: Foul Ball, location: 2F
3-2: Base on Balls
Batting: LHB Justin Short 0-0: Foul Ball, location: 2F
0-1: Ball
1-1: Called Strike
1-2: SINGLE (Groundball, 6S, EV 66.2 MPH) (infield hit)
Yasuoka Tsuda to second
Pitching: RHP Jim Haggart
Batting: RHB Jesus Ruiz 0-0: Ball
1-0: Swinging Strike
1-1: Swinging Strike
Passed Ball!
Yasuoka Tsuda to third
Justin Short to second
1-2: Strikes out swinging
Batting: LHB Carlos Palau 0-0: Ball
1-0: Ground out 1-3 (Groundball, 13S, EV 71.9 MPH)
Batting: RHB Mustafa bin Gamali 0-0: Called Strike
0-1: Ball
1-1: Swinging Strike
1-2: Strikes out looking
Top of the 5th over - 0 runs, 1 hit, 0 errors, 2 left on base; Pulaski 5 - Burlington 3
BOTTOM OF THE 5TH
Burlington Royals batting - Pitching for Pulaski Yankees : LHP Sergio Huerta
Batting: RHB Jon Shonka 0-0: Fly out, F8 (Flyball, 8LD, EV 86.9 MPH)
Batting: LHB Pablo Serrato 0-0: Swinging Strike
0-1: Fly out, F7 (Flyball, 7D, EV 90.6 MPH)
Batting: RHB Mike Bearden 0-0: Ball
1-0: SINGLE (Groundball, 5S, EV 66.2 MPH) (infield hit)
Pitching: RHP Jon Campbell
Batting: RHB Carlos Almada 0-0: SINGLE (Groundball, 4D, EV 107.5 MPH)
Mike Bearden to second
Throwing error, E9
Mike Bearden scores
Carlos Almada to second
Batting: LHB Vicente Hernandez 0-0: Ball
1-0: Called Strike
1-1: Ball
2-1: Ball
3-1: Base on Balls
Batting: LHB David Bearden 0-0: Foul Ball, location: 2F
0-1: Ball
1-1: Foul Ball, location: 2F
1-2: Strikes out looking
Bottom of the 5th over - 1 run, 2 hits, 1 error, 2 left on base; Pulaski 5 - Burlington 4
TOP OF THE 6TH
Pulaski Yankees batting - Pitching for Burlington Royals : RHP Jim Haggart
Batting: RHB Jonathan Iniguez 0-0: Ball
1-0: Ball
2-0: Called Strike
2-1: Ball
3-1: Foul Ball, location: 2F
3-2: Base on Balls
Batting: LHB Ernesto Abreu Pickoff Play to 1st, Runner tries for 2nd, OUT after rundown.
0-0: Ball
1-0: Called Strike
1-1: Foul Ball, location: 2F
1-2: Fly out, F7 (Line Drive, 7, EV 100.0 MPH)
Batting: LHB Jared Zulkowski 0-0: Called Strike
0-1: Foul Ball, location: 2F
0-2: Strikes out looking
Top of the 6th over - 0 runs, 0 hits, 0 errors, 0 left on base; Pulaski 5 - Burlington 4
BOTTOM OF THE 6TH
Burlington Royals batting - Pitching for Pulaski Yankees : RHP Jon Campbell
Batting: RHB Jonas Fernandez 0-0: Called Strike
0-1: Swinging Strike
0-2: Ball
1-2: Ball
2-2: Strikes out looking
Batting: RHB Ian Hornsby 0-0: Foul Ball, location: 2F
0-1: Foul Ball, location: 2F
0-2: Ball
1-2: Ground out 3-1 (Groundball, 34, EV 81.2 MPH)
Batting: RHB Carlos Santoni 0-0: Swinging Strike
0-1: Swinging Strike
0-2: Strikes out swinging
Bottom of the 6th over - 0 runs, 0 hits, 0 errors, 0 left on base; Pulaski 5 - Burlington 4
TOP OF THE 7TH
Pulaski Yankees batting - Pitching for Burlington Royals : RHP Jim Haggart
Batting: LHB Steve LeGrand 0-0: Called Strike
0-1: Ball
1-1: Ball
2-1: Ball
3-1: Fly out, F9 (Line Drive, 9S, EV 92.5 MPH)
Batting: RHB Yasuoka Tsuda 0-0: Ball
1-0: Ball
2-0: Called Strike
2-1: Swinging Strike
2-2: Foul Ball, location: 2F
2-2: Foul Ball, location: 2F
2-2: Strikes out swinging
Pitching: RHP Obiniana Gaters
Batting: LHB Justin Short 0-0: Ball
1-0: Ground out U3 (Groundball, 3, EV 78.1 MPH)
Top of the 7th over - 0 runs, 0 hits, 0 errors, 0 left on base; Pulaski 5 - Burlington 4
BOTTOM OF THE 7TH
Burlington Royals batting - Pitching for Pulaski Yankees : RHP Jon Campbell
Batting: RHB Jon Shonka 0-0: Swinging Strike
0-1: Ball
1-1: Swinging Strike
1-2: Ball
2-2: Fly out, F8 (Flyball, 8RD, EV 91.2 MPH)
Batting: LHB Pablo Serrato 0-0: Ball
1-0: Ball
2-0: Foul Ball, location: 2F
2-1: Ball
3-1: Base on Balls
Batting: RHB Mike Bearden 0-0: Ball
1-0: Fly out, F9 (Flyball, 9, EV 82.5 MPH)
Batting: RHB Carlos Almada 0-0: Called Strike
0-1: Ball
1-1: Ball
2-1: Called Strike
2-2: Foul Ball, location: 2F
2-2: Strikes out looking
Bottom of the 7th over - 0 runs, 0 hits, 0 errors, 1 left on base; Pulaski 5 - Burlington 4
TOP OF THE 8TH
Pulaski Yankees batting - Pitching for Burlington Royals : RHP Obiniana Gaters
Batting: RHB Jesus Ruiz 0-0: Called Strike
0-1: Fly out, F7 (Flyball, 7, EV 91.2 MPH)
Batting: LHB Carlos Palau 0-0: Ball
1-0: Fly out, F7 (Flyball, 7D, EV 102.5 MPH)
Batting: RHB Mustafa bin Gamali 0-0: Foul Ball, location: 2F
0-1: Called Strike
0-2: Ground out 6-3 (Groundball, 56, EV 86.2 MPH)
Top of the 8th over - 0 runs, 0 hits, 0 errors, 0 left on base; Pulaski 5 - Burlington 4
BOTTOM OF THE 8TH
Burlington Royals batting - Pitching for Pulaski Yankees : RHP Jon Campbell
Batting: LHB Vicente Hernandez 0-0: Foul Ball, location: 2F
0-1: Ball
1-1: Fly out, F8 (Line Drive, 89M, EV 91.9 MPH)
Batting: LHB David Bearden 0-0: Ball
1-0: SOLO HOME RUN (Flyball, 89XD, EV 103.1 MPH), Distance : 397 ft
Batting: RHB Jonas Fernandez 0-0: Foul Ball, location: 2F
0-1: Foul Ball, location: 2F
0-2: Ball
1-2: Ball
2-2: Ground out U3 (Groundball, 34, EV 83.8 MPH)
Pitching: RHP Yoshida Abe
Batting: RHB Ian Hornsby 0-0: Called Strike
0-1: Ball
1-1: Called Strike
1-2: Ball
2-2: Strikes out swinging
Bottom of the 8th over - 1 run, 1 hit, 0 errors, 0 left on base; Pulaski 5 - Burlington 5
TOP OF THE 9TH
Pulaski Yankees batting - Pitching for Burlington Royals : RHP Obiniana Gaters
Batting: RHB Jonathan Iniguez 0-0: Ball
1-0: Ground out 6-3 (Groundball, 56, EV 86.9 MPH)
Batting: LHB Ernesto Abreu 0-0: Called Strike
0-1: Ball
1-1: Ball
2-1: Ball
3-1: Base on Balls
Batting: LHB Jared Zulkowski 0-0: Called Strike
Ernesto Abreu steals 2nd base
0-1: Ball
1-1: Swinging Strike
1-2: Strikes out swinging
Batting: LHB Steve LeGrand 0-0: Intentional Walk
Batting: RHB Yasuoka Tsuda 0-0: Fielders Choice at 2nd, 6-4 (Groundball, 6, EV 92.5 MPH)
Top of the 9th over - 0 runs, 0 hits, 0 errors, 2 left on base; Pulaski 5 - Burlington 5
BOTTOM OF THE 9TH
Burlington Royals batting - Pitching for Pulaski Yankees : RHP Yoshida Abe
Pitching: RHP Matt Elliott
Batting: RHB Carlos Santoni 0-0: Ball
1-0: Fly out, F7 (Flyball, 78M, EV 88.8 MPH)
Batting: RHB Jon Shonka 0-0: Called Strike
0-1: Ball
1-1: Ball
2-1: Ball
3-1: Called Strike
3-2: Base on Balls
Batting: LHB Pablo Serrato 0-0: Ball
1-0: Fly out, F7 (Flyball, 7D, EV 86.2 MPH)
Runner from 1st tags up, OUT at 2nd! 7-4
Bottom of the 9th over - 0 runs, 0 hits, 0 errors, 0 left on base; Pulaski 5 - Burlington 5
TOP OF THE 10TH
Pulaski Yankees batting - Pitching for Burlington Royals : RHP Obiniana Gaters
Batting: LHB Justin Short 0-0: Ball
1-0: Called Strike
1-1: Ground out 4-3 (Groundball, 4, EV 76.2 MPH)
Batting: RHB Jesus Ruiz 0-0: Called Strike
0-1: Ball
1-1: Fly out, F4 (Line Drive, 4M, EV 72.5 MPH)
Batting: LHB Carlos Palau 0-0: Called Strike
0-1: Ball
1-1: Ball
2-1: Fly out, F8 (Flyball, 89M, EV 90.6 MPH)
Top of the 10th over - 0 runs, 0 hits, 0 errors, 0 left on base; Pulaski 5 - Burlington 5
BOTTOM OF THE 10TH
Burlington Royals batting - Pitching for Pulaski Yankees : RHP Matt Elliott
Batting: RHB Mike Bearden 0-0: Ball
1-0: Swinging Strike
1-1: Ball
2-1: Called Strike
2-2: Fly out, F9 (Flyball, 89S, EV 87.5 MPH)
Batting: RHB Carlos Almada 0-0: Called Strike
0-1: Foul Ball, location: 2F
0-2: Ground out 5-3 (Groundball, 56S, EV 81.2 MPH)
Batting: LHB Vicente Hernandez 0-0: Called Strike
0-1: Ball
1-1: Ball
2-1: Foul Ball, location: 2F
2-2: Strikes out swinging
Bottom of the 10th over - 0 runs, 0 hits, 0 errors, 0 left on base; Pulaski 5 - Burlington 5
TOP OF THE 11TH
Pulaski Yankees batting - Pitching for Burlington Royals : RHP Obiniana Gaters
Batting: RHB Mustafa bin Gamali 0-0: Ball
1-0: Swinging Strike
1-1: Ball
2-1: Swinging Strike
2-2: Foul Ball, location: 2F
2-2: Strikes out swinging
Batting: RHB Jonathan Iniguez 0-0: Ball
1-0: SINGLE (Groundball, 25, EV 68.8 MPH) (infield hit)
Batting: LHB Ernesto Abreu 0-0: Foul Ball, location: 2F
0-1: Ball
1-1: Ball
2-1: Swinging Strike
2-2: Fielders Choice at 2nd, 4-6 (Groundball, 34, EV 103.1 MPH)
Pitching: RHP Luis Diaz
Batting: LHB Jared Zulkowski 0-0: Called Strike
0-1: SINGLE (Groundball, 4MD, EV 107.5 MPH)
Ernesto Abreu to second
Runner from 2nd tries for 3rd, SAFE, throw by CF made to third
Batting: LHB Steve LeGrand 0-0: Called Strike
0-1: Ball
1-1: Fly out, F7 (Line Drive, 7LM, EV 98.1 MPH)
Top of the 11th over - 0 runs, 2 hits, 0 errors, 2 left on base; Pulaski 5 - Burlington 5
BOTTOM OF THE 11TH
Burlington Royals batting - Pitching for Pulaski Yankees : RHP Matt Elliott
Batting: LHB David Bearden 0-0: Ball
1-0: Foul Ball, location: 2F
1-1: Ball
2-1: Ball
3-1: Base on Balls
Batting: RHB Jonas Fernandez 0-0: SINGLE (Groundball, 34, EV 103.8 MPH)
David Bearden to second
Runner from 2nd tries for 3rd, SAFE, throw by RF made to third
Jonas Fernandez to second
Batting: RHB Ian Hornsby 0-0: Intentional Walk
Batting: RHB Carlos Santoni 0-0: Ball
1-0: Called Strike
1-1: Called Strike
1-2: Ball
2-2: Ball
Wild Pitch!
David Bearden scores
Bottom of the 11th over - 1 run, 1 hit, 0 errors, 2 left on base; Pulaski 5 - Burlington 6
Thursday, December 15th , 2022 - OOTP Baseball 23.9 Build 102